 Dungeon Crawl Stone Soup version 0.24-a0-36-gf1fd2d0 (webtiles) character file.

Game seed: 7190271463919000077

52 Anandil the Charlatan (level 3, 0/26 HPs)
             Began as a Demonspawn Artificer on Feb 3, 2019.
             Slain by a goblin (1 damage)
             ... led by Robin
             ... on level 2 of the Dungeon.
             The game lasted 00:03:06 (1188 turns).

Anandil the Charlatan (Demonspawn Artificer)        Turns: 1188, Time: 00:03:07

Health: 0/26       AC:  6    Str: 13    XL:     3   Next: 60%
Magic:  6/6        EV: 11    Int: 12    God:
Gold:   31         SH:  0    Dex: 13    Spells: 2/2 levels left

rFire    . . .     SeeInvis .   n - +0 spear (curse)
rCold    . . .     Gourm    .   (no shield)
rNeg     . . .     Faith    .   i - +0 ring mail
rPois    .         Spirit   .   (no helmet)
rElec    .         Reflect  .   j - +0 cloak
rCorr    .         Harm     .   (no gloves)
MR       .....                  (no boots)
Stlth    +.........             (no amulet)
HPRegen  0.08/turn              (no ring)
MPRegen  0.10/turn              (no ring)

@: no status effects
A: hooves 1
a: no special abilities


You were on level 2 of the Dungeon.
You were not hungry.

You visited 1 branch of the dungeon, and saw 2 of its levels.

You collected 31 gold pieces.

Inventory:

Hand Weapons
 a - a +0 short sword
 n - a cursed +0 spear (weapon)
Missiles
 l - 3 stones (quivered)
 o - 21 bolts
Armour
 b - a +0 leather armour
 i - a +0 ring mail (worn)
 j - a +0 cloak (worn)
Wands
 c - a wand of flame (15)
 d - a wand of enslavement (15)
 e - a wand of random effects (15)
Scrolls
 g - a scroll of remove curse {unknown}
 m - a scroll of magic mapping {unknown}
Comestibles
 f - 3 rations
 h - 2 chunks of flesh


   Skills:
 - Level 1.0 Fighting
 - Level 0.8 Short Blades
 - Level 1.7 Dodging
 - Level 0.8 Stealth
 + Level 4.6 Evocations


You had 2 spell levels left.
You didn't know any spells.
Your spell library was empty.

Dungeon Overview and Level Annotations

Branches:
Dungeon (2/15)

Altars:

Annotations:
D:2 Robin


Innate Abilities, Weirdness & Mutations

You have large cloven feet.


Message History

The goblin is heavily wounded.
The goblin hits you with a +0 dagger. The goblin hits you but does no damage.
You closely miss the goblin.
The goblin is heavily wounded.
The goblin hits you but does no damage. x2; Robin hits you but does no damage.
You barely miss the goblin. Your kick misses the goblin.
The goblin is heavily wounded.
The goblin hits you but does no damage. x2; The goblin hits you.
* * * LOW HITPOINT WARNING * * *
Robin points. "Kill!"
Robin hits you but does no damage. The goblin hits you with a +0 dagger.
* * * LOW HITPOINT WARNING * * *
The goblin hits you.
* * * LOW HITPOINT WARNING * * *
Unknown command.
You aren't carrying any potions.
As you read the scroll labeled NIBRUOQUHI, it crumbles to dust.
It is a scroll of amnesia.
You feel forgetful for a moment. The goblin hits you.
You die... gg

.# .. #g
#.## ..# #
.#######.#.#
......ggg..#
######@#..#
#g#.>#
#.##.# ###
#.##.# #<.
#.##.# ###
#.##'####
....
#.......#
####
#.......# #.
#<......# #.


You could see Robin and 3 goblins.

Vanquished Creatures
  2 dart slugs
  2 leopard geckos (D:1)
  A ball python (D:1)
  7 bats
  2 giant cockroaches
  9 goblins
  6 hobgoblins
  3 frilled lizards (D:1)
  5 kobolds (D:1)
  6 rats
43 creatures vanquished.

Notes
Turn   | Place    | Note
-------+----------+-------------------------------------------
     0 | D:1      | Anandil the Demonspawn Artificer began the quest for the
                  | Orb.
     0 | D:1      | Reached XP level 1. HP: 15/15 MP: 3/3
   114 | D:1      | Gained mutation: You have large cloven feet. [demonic
                  | ancestry]
   114 | D:1      | Reached XP level 2. HP: 15/21 MP: 4/4
   282 | D:1      | Reached skill level 4 in Evocations
   459 | D:1      | Reached XP level 3. HP: 26/26 MP: 6/6
  1172 | D:2      | Noticed Robin
  1187 | D:2      | HP: 1/26 [goblin[Robin] (3)]
  1188 | D:2      | Slain by a goblin

Vault maps used:
D:1:      wander_arrival_fairy_ring
D:2:      kennysheep_slug_shrine, gammafunk_temple_overflow_pools, first_ration,
          uniq_robin

Skill      XL: |  1  2 |
---------------+-------+-----
Evocations     | 4 |  4.6
Fighting       | |  1.0
Short Blades   | |  0.8
Dodging        | |  1.7
Stealth        | |  0.8

Action                   || total
-------------------------++-------
Melee: Short sword       ||    66
       Kick              ||    24
       Spear             ||    68
  Use: Scroll            ||     1
  Eat: Chunk             ||     1
Armor: Ring mail         ||    69
       Leather armour    ||     3
Dodge: Dodged            ||    72

Table legend:
 A = Non-vault XP
 B = Vault XP
 C = Vault XP percentage of total XP
 D = Non-vault monster count
 E = Vault monster count
 F = Vault count percentage of total count
                 A         B        C        D         E       F
            +---------+---------+-------+---------+---------+-------
      Total |      71 |       4 |   5.3 |      41 |       2 |   4.7
            +---------+---------+-------+---------+---------+-------
        D:1 |      49 |       0 |   0.0 |      28 |       0 |   0.0
        D:2 |      22 |       4 |  15.4 |      13 |       2 |  13.3
            +---------+---------+-------+---------+---------+-------
